AoeStats
← Cheonma

Arena

510193823Analyzed
4v4 RM · 3d ago on Sep 29, 2026· 42m 38s· 8 players
Game mode
Random Map
Map size
Large (8 player)
Population
200
Speed
Normal
Resources
Standard
Victory
Conquest
Starting age
Dark Age
Ending age
Imperial Age
RankedLock teamsTeams togetherTeam positionsShared explorationLock speedFull tech treeHidden civsTurbo modeCheats
Victory
Defeat
🇦🇷 Italians · Argentina
1408
+10
🇦🇷 Wei · Argentina
1359
+12
🇦🇷 Khmer · Argentina
1312
+14
🇦🇷 Goths · Argentina
1310
+14
🇨🇳 Turks · China
1355
-15
1290
-13
🇪🇨 Burgundians · Ecuador
1233
-11
🇬🇧 Varangians · United Kingdom
1223
-11
其色孤白
10:30 Feudal Age
14:10 Castle Age
12:24 Horse Collar
13:00 Double-Bit Axe
16:48 Bow Saw
17:42 Gold Mining
18:06 Loom
31:49 Imperial Age
30:55 Wheelbarrow
32:57 Conscription
33:05 Sipahi
33:18 Bloodlines
33:08 Husbandry
33:01 Fletching
34:02 Parthian Tactics
34:09 Bodkin Arrow
34:15 Padded Archer Armor
35:27 Gold Shaft Mining
36:15 Hand Cart
36:02 Heavy Plow
36:40 Leather Archer Armor
37:16 Thumb Ring
39:28 Two-Man Saw
38:41 Bracer
39:11 Ring Archer Armor
38:37 Town Watch
40:20 Stone Mining
40:52 Heavy Cavalry Archer
41:55 Ballistics
Jinxo
5:54 Double-Bit Axe
7:15 Wheelbarrow
10:52 Feudal Age
10:01 Horse Collar
15:02 Castle Age
13:22 Heavy Plow
14:21 Bow Saw
15:50 Hand Cart
17:29 Loom
21:44 Crop Rotation
24:18 Fortified Wall
24:54 Forging
25:43 Gold Mining
25:44 Stone Mining
26:36 Scale Barding Armor
27:38 Two-Man Saw
26:45 Town Watch
27:24 Arson
27:39 Squires
27:00 Pikeman
28:39 Iron Casting
28:04 Scale Mail Armor
28:13 Town Patrol
32:22 Imperial Age
30:38 Gold Shaft Mining
30:46 Chain Mail Armor
31:16 Chain Barding Armor
31:22 Fletching
30:58 Man-at-Arms
31:50 Husbandry
31:10 Cavalier
32:28 Padded Archer Armor
31:52 Light Cavalry
33:09 Ballistics
32:30 Treadmill Crane
32:26 Halberdier
34:29 Chemistry
33:18 Long Swordsman
34:31 Plate Mail Armor
34:27 Leather Archer Armor
34:19 Bodkin Arrow
34:06 Treadmill Crane
34:31 Two-Handed Swordsman
36:54 Blast Furnace
35:59 Bracer
36:22 Bombard Tower
36:21 Murder Holes
35:58 Champion
37:10 Paladin
37:20 Elite Skirmisher
37:44 Hussar
38:58 Conscription
40:12 Plate Barding Armor
39:53 Masonry
41:20 Stone Shaft Mining
41:00 Onager
GAMARÚS de CAGABANDÚRRIES
10:39 Feudal Age
15:08 Castle Age
13:20 Double-Bit Axe
13:54 Horse Collar
14:29 Stone Mining
16:22 Bow Saw
16:14 Heavy Plow
19:40 Loom
21:06 Wheelbarrow
21:04 Scale Mail Armor
21:55 Pikeman
26:16 Gold Mining
27:57 Ballistics
29:01 Gold Shaft Mining
31:16 Imperial Age
29:10 Hand Cart
29:34 Stone Mining
31:24 Capped Ram
32:19 Furor Celtica
32:45 Conscription
32:44 Guilds
32:08 Siege Ram
32:33 Heavy Scorpion
34:28 Chemistry
36:57 Siege Engineers
36:16 Elite Woad Raider
Necrocat219
10:56 Feudal Age
12:25 Wheelbarrow
15:06 Castle Age
13:13 Double-Bit Axe
14:53 Gold Mining
20:01 Horse Collar
24:14 Loom
24:15 Town Watch
25:02 Fletching
25:12 Padded Archer Armor
26:52 Ballistics
26:33 Bodkin Arrow
27:00 Leather Archer Armor
27:18 Gold Mining
27:19 Stone Mining
28:04 Bloodlines
27:55 Husbandry
XEVER | Masa!
10:22 Feudal Age
14:16 Castle Age
12:28 Loom
12:29 Double-Bit Axe
15:49 Horse Collar
23:34 Bow Saw
23:45 Heavy Plow
24:39 Gold Mining
28:18 Wheelbarrow
30:35 Imperial Age
28:34 Scale Mail Armor
28:45 Forging
29:14 Anarchy
30:26 Squires
31:19 Chain Mail Armor
31:40 Iron Casting
31:58 Conscription
31:36 Pikeman
33:35 Two-Man Saw
32:22 Town Watch
32:11 Halberdier
32:34 Elite Huskarl
33:17 Perfusion
36:03 Blast Furnace
38:11 Fletching
38:52 Crop Rotation
38:15 Stone Mining
40:15 Man-at-Arms
42:26 Hand Cart
43:03 Masonry
[TBArg] kaos_leo
4:28 Loom
12:57 Feudal Age
16:45 Castle Age
14:39 Horse Collar
19:15 Gold Mining
22:43 Imperial Age
20:24 Fletching
21:06 Bodkin Arrow
26:38 Chemistry
27:05 Padded Archer Armor
27:49 Ballistics
29:05 Bracer
37:02 Double-Bit Axe
37:09 Onager
42:51 Bow Saw
RDA | Damiii el TORO
7:21 Loom
10:16 Feudal Age
14:37 Castle Age
16:01 Double-Bit Axe
21:07 Horse Collar
24:25 Bloodlines
32:44 Imperial Age
31:25 Wheelbarrow
32:40 Bow Saw
32:11 Crossbowman
32:42 Fletching
32:37 Light Cavalry
32:51 Arbalester
33:49 Bodkin Arrow
34:53 Conscription
34:37 Town Watch
35:20 Ballistics
36:24 Chemistry
36:11 Hand Cart
36:26 Scale Barding Armor
36:59 Masonry
37:09 Husbandry
38:04 Bracer
38:21 Fortified Wall
38:23 Heavy Plow
38:48 Padded Archer Armor
40:18 Leather Archer Armor
41:07 Chain Barding Armor
41:01 Siege Engineers
41:53 Ring Archer Armor
42:19 Hussar
Cheonma
9:51 Feudal Age
13:49 Castle Age
12:42 Double-Bit Axe
13:03 Horse Collar
17:48 Bloodlines
20:53 Scale Barding Armor
21:20 Husbandry
23:46 Wheelbarrow
23:33 Forging
26:23 Chain Barding Armor
26:16 Town Watch
28:24 Iron Casting
28:55 Hand Cart
30:58 Fletching
31:09 Padded Archer Armor
31:31 Stone Mining
31:31 Gold Mining
31:45 Heavy Plow
31:56 Bodkin Arrow
35:52 Imperial Age
33:40 Thumb Ring
35:04 Stone Shaft Mining
35:05 Gold Shaft Mining
35:52 Leather Archer Armor
36:14 Loom
36:36 Bracer
37:37 Blast Furnace
36:59 Ballistics
37:39 Chemistry
37:45 Chemistry
37:45 Conscription
38:21 Parthian Tactics
40:03 Ring Archer Armor
41:58 Ming Guang Armor
41:01 Elite Tiger Cavalry
Connection lost

Rejoining the realm…

Still unreachable

The connection could not be restored.

Session expired

The server has moved on; the page needs a fresh start.